 Dungeon Crawl Stone Soup version 0.29.1-1-gd02db6906a (webtiles) character file.

Game seed: 7469619865407521253

213399 AlexRAT the Warrior (level 18, -5/158 HPs)
             Began as a Minotaur Berserker on Oct 13, 2022.
             Was a High Priest of Trog.
             Slain by a profane servitor
             ... wielding a +2 whip
              (6 damage)
             ... on level 4 of the Abyss.
             The game lasted 01:26:33 (29798 turns).

AlexRAT the Warrior (Minotaur Berserker)           Turns: 29798, Time: 01:26:33

Health: -5/158     AC: 30    Str: 28    XL:     18   Next: 64%
Magic:  11/11      EV: 27    Int: 10    God:    Trog [*****.]
Gold:   2546       SH:  0    Dex: 10    Spells: 17/17 levels left

rFire   + + .      SeeInvis +   a - +9 broad axe of Polytheism {flame, +Blink}
rCold   + . .      Faith    .   (no shield)
rNeg    . . .      Spirit   .   c - +1 plate armour of Satisfaction {Rampage Will+++ Str-2 Stlth+}
rPois   .          Reflect  .   (helmet restricted)
rElec   +          Harm     .   n - +4 cloak "Ipsihaos" {Slay+4}
rCorr   .          Rampage  +   H - +3 pair of gloves "Dooleuf" {rF+ rC+ Will+ Str-2}
Will    +++++                   i - +0 pair of boots
Stlth   ..........              o - amulet of the Devil's Advocate {Acrobat Will+ Str+2}
HPRegen 1.00/turn               R - ring of Hialioj {rF+ SInv}
MPRegen 0.12/turn               W - ring "Runif" {rElec Int+6 Slay+2}

@: lethally poisoned (-5 -> -7), about to teleport, strong-willed, on berserk
cooldown, acrobatic, sick, regenerating, slowed, wreathed by umbra, very slow
A: horns 2, retaliatory headbutt, frail 1, [low MP 3], [subdued magic 2]
a: Renounce Religion, Evoke Blink, Berserk, Trog's Hand, Brothers in Arms


You were on level 4 of the Abyss.
You worshipped Trog.
Trog was extremely pleased with you.
You visited 4 branches of the dungeon, and saw 24 of its levels.
You visited the Abyss 2 times.
You also visited: Sewer, Gauntlet and Ice Cave.

You collected 3622 gold pieces.
You spent 1076 gold pieces at shops.

Inventory:

Hand Weapons
 a - the +9 broad axe of Polytheism (weapon) {flame, +Blink}
   (Trog gifted it to you on level 2 of the Orcish Mines)

   It burns those it strikes, dealing additional fire damage.
   Big, fiery blades are also staple armaments of hydra-hunters.
   +Blink:    It lets you blink.
 b - a +0 arbalest
 g - the +6 battleaxe of Elinair {antimagic, rN+ Dex+4}
   (Trog gifted it to you on level 13 of the Dungeon)

   It reduces the magical energy of the wielder, and disrupts the spells and
   magical abilities of those it strikes.
   Natural abilities and divine invocations are not affected.
   Dex:       It affects your dexterity (+4).
   rN:        It protects you from negative energy.
 k - the +5 broad axe "With Two Names" {vorpal, rElec rPois}
   (You acquired it on level 5 of the Dungeon)

   It inflicts extra damage upon your enemies.
   rElec:     It insulates you from electricity.
   rPois:     It protects you from poison.
Missiles
 r - 7 javelins (quivered)
 X - 5 silver javelins
Armour
 c - the +1 plate armour of Satisfaction (worn) {Rampage Will+++ Str-2 Stlth+}
   (You found it in a Gauntlet)

   Str:       It affects your strength (-2).
   Rampage:   It bestows one free step when moving towards enemies.
   Will:      It greatly increases your willpower.
   Stlth:     It makes you more stealthy.
 i - a +0 pair of boots (worn)
 n - the +4 cloak "Ipsihaos" (worn) {Slay+4}
   (You found it on level 2 of the Dungeon)

   Slay:      It affects your accuracy & damage with ranged weapons and melee
   (+4).
 H - the +3 pair of gloves "Dooleuf" (worn) {rF+ rC+ Will+ Str-2}
   (You acquired it on level 6 of the Dungeon)

   Str:       It affects your strength (-2).
   rF:        It protects you from fire.
   rC:        It protects you from cold.
   Will:      It increases your willpower.
Jewellery
 d - a ring of positive energy
 e - a +4 ring of slaying
 o - the amulet of the Devil's Advocate (around neck) {Acrobat Will+ Str+2}
   (You acquired it on level 11 of the Dungeon)

   [amulet of the acrobat]

   It increases your evasion while moving and waiting.
   Str:       It affects your strength (+2).
   Will:      It increases your willpower.
 t - an amulet of faith
 F - a ring of resist corrosion
 R - the ring of Hialioj (left hand) {rF+ SInv}
   (You found it in an ice cave)

   [ring of protection from fire]

   rF:        It protects you from fire.
   SInv:      It lets you see invisible.
 W - the ring "Runif" (right hand) {rElec Int+6 Slay+2}
   (You found it on level 5 of the Lair of Beasts)

   [ring of intelligence]

   Int:       It affects your intelligence (+6).
   Slay:      It affects your accuracy & damage with ranged weapons and melee
   (+2).
   rElec:     It insulates you from electricity.
Wands
 I - a wand of flame (56)
 J - a wand of digging (2)
 N - a wand of mindburst (10)
 Q - a wand of roots (26)
 S - a wand of polymorph (13)
 V - a wand of acid (12)
Scrolls
 f - a scroll of summoning
 j - 3 scrolls of brand weapon
 u - a scroll of silence
 w - 6 scrolls of enchant armour
 x - 3 scrolls of fear
 y - 6 scrolls of teleportation
 z - 4 scrolls of fog
 A - 5 scrolls of identify
 C - 4 scrolls of immolation
 K - 2 scrolls of enchant weapon
 T - 2 scrolls of magic mapping
 U - 2 scrolls of blinking
Potions
 l - 2 potions of cancellation
 m - 5 potions of curing
 p - 3 potions of flight
 q - 4 potions of attraction
 s - 5 potions of haste
 v - 6 potions of lignification
 E - 4 potions of mutation
 M - a potion of resistance
 P - 2 potions of magic
Miscellaneous
 G - a phantom mirror
 Y - a condenser vane
 Z - a tin of tremorstones (2/2)


   Skills:
 + Level 19.2 Fighting
 + Level 18.2 Axes
 - Level 18.3 Ranged Weapons
 + Level 15.9 Armour
 + Level 14.7 Dodging
 + Level 10.8 Evocations


You had 17 spell levels left.
You didn't know any spells.
Your spell library was empty.

Dungeon Overview and Level Annotations

Branches:
Dungeon (15/15)            Temple (0/1) D:6            Lair (5/5) D:10
 Shoals (2/4) Lair:3        Snake (0/4) Lair:2        Slime (0/5) Lair:4
    Orc (2/2) D:11            Elf (0/3) Orc:2        Vaults (0/5) D:14
 Depths (0/4) D:15          Sewer (visited)           IceCv (visited)
Gauntlet (visited)

Altars:
Ashenzari
Cheibriados
Elyvilon
Makhleb
Ru
Sif Muna
Trog
Uskayaw
Xom
Yredelemnul
Zin
The Shining One
Jiyva

Shops:
D:1 ?   D:11 ([   Orc:2 ([*:

Annotations:
D:13 3 runed translucent doors, topfpfpflanze's ghost, journeyman DsNe
Lair:5 exclusion: oklob plant
Abyss:4 2 transporters


Innate Abilities, Weirdness & Mutations

You have a pair of horns on your head.
You reflexively headbutt those who attack you in melee.
You are frail. (-10% HP)
[Your magical capacity is extremely low. (-30% MP)]
[Your spells are easier to cast, but less powerful.]


Message History

You feel the effects of Trog's Hand fading.
A balrug comes into view.
It is wielding a +0 demon whip of venom.
The balrug shouts!
Your skin stops crawling.
You feel less strong-willed.
Your skin crawls.
You feel strong-willed.
A profane servitor comes into view. It is wielding a +2 whip.
The balrug gestures at you.
The fireball explodes!
The fireball engulfs you! You resist.
* * * LOW HITPOINT WARNING * * *
You hear a shout! x4
As you read the scroll of teleportation, it crumbles to dust.
You feel strangely unstable.
You feel the power of the Abyss delaying your translocation!
A sun demon comes into view.
The balrug gestures at you.
The sticky flame hits you but does no damage.
You are covered in liquid flames!
You feel better.
You are covered in liquid flames!
* * * LOW HITPOINT WARNING * * *
A sun demon comes into view.
The balrug hits you but does no damage.
The balrug hits you with a +0 demon whip of venom.
* * * LOW HITPOINT WARNING * * *
You are engulfed in flames.
You resist.
* * * LOW HITPOINT WARNING * * *
You are poisoned.
You are covered in liquid flames!
* * * LOW HITPOINT WARNING * * *
You feel very sick.
The sun demon shouts!
The balrug gestures at you.
The fireball explodes!
The fireball engulfs you. You resist.
* * * LOW HITPOINT WARNING * * *
The profane servitor hits you with a +2 whip!
* * * LOW HITPOINT WARNING * * *
The profane servitor draws strength from your injuries!
The profane servitor hits you with a +2 whip.
You die...

## .. . # . ### .. #
.##.##.# # .
.#.###.##.....# . .
#.#.#....#. #. §#..
..#.#.#...#. ..#§# #
.#....#.#... .§ #
#.......##. #. .
##.#.#.#.)..#..
....)..#
.......@2#.#.#.#.####.
.......#A.#.#...## . #
........##..3..# .#
... ..#.#..A#...#..§
.# . ##.
#.#.#.....#..# # .# #.
##..####..#.## .# # #
. #. ##..#. . .. .#.
## .. ..#.#


You could see a profane servitor, a balrug and a sun demon.

Vanquished Creatures
  3 bone dragons (Abyss:4)
  Rupert (D:13)
  A tentacled monstrosity (Abyss:4)
  Jorgrun (Orc:2)
  A lich (Abyss:4)
  12 tentacled starspawn (Abyss:4)
  A shadow dragon (Abyss:4)
  An orc warlord (Orc:2)
  A cacodemon (Abyss:4)
  An ironbound preserver (D:14)
  2 reapers
  A juggernaut skeleton (Abyss:4)
  34 starcursed masses
  2 wizards (Abyss:4)
  A lorocyproca (Abyss:4)
  A minotaur (Gauntlet)
  An eidolon (Abyss:4)
  3 merfolk impalers
  A green death (Abyss:4)
  Josephine (D:15)
  A blizzard demon (Abyss:4)
  2 fire dragons
  3 great orbs of eyes
  A quicksilver dragon skeleton (Abyss:4)
  2 ice dragons
  5 centaur warriors
  A juggernaut simulacrum (Abyss:4)
  4 boulder beetles
  4 death knights
  10 hydras
  2 merfolk avatars
  3 merfolk aquamancers
  2 catoblepae (Lair:5)
  4 death yaks (Lair:5)
  6 two-headed ogres
  2 tengu warriors (D:15)
  5 hell hogs (Abyss:4)
  27 thrashing horrors (Abyss:4)
  Nergalle (D:11)
  Urug (D:13)
  4 orc high priests (Orc:2)
  Sonja (D:11)
  4 sun demons (Abyss:4)
  7 skeletal warriors
  A fire crab (Gauntlet)
  6 wretched stars (Abyss:4)
  2 sixfirhies (Abyss:4)
  A shadow wraith (Abyss:4)
  3 spatial maelstroms (Abyss:4)
  A death drake (Abyss:3)
  9 sea snakes
  A swamp dragon (Lair:5)
  2 glowing orange brains (Abyss:4)
  A lindwurm (Lair:5)
  5 deep elf zephyrmancers (D:12)
  3 orc knights (Orc:2)
  A harpy (Shoals:2)
  5 deep elf pyromancers
  A salamander (Lair:3)
  11 ugly things
  7 manticores
  3 orc sorcerers (Orc:2)
  4 cyclopes
  3 fauns
  2 ice statues (IceCv)
  2 apocalypse crabs
  A rust devil (Abyss:4)
  2 centaur zombies (D:11)
  A merfolk siren (Shoals:1)
  2 worldbinders (Abyss:4)
  3 elephants (Lair:4)
  2 water nymphs (Shoals:1)
  7 smoke demons
  A gargoyle (D:10)
  An orange demon (Abyss:4)
  A molten gargoyle (Lair:3)
  6 black mambas
  Maggie (D:6)
  7 cane toads
  A hellion (Abyss:4)
  A demonic crawler (Abyss:4)
  10 rime drakes
  2 centaur skeletons (D:11)
  Psyche (D:9)
  2 unseen horrors
  A yaktaur (shapeshifter) (D:14)
  2 efreet
  An ice devil (Abyss:4)
  4 kobold demonologists
  6 freezing wraiths
  6 komodo dragons
  9 ancient zymes (Abyss:4)
  A red devil (Abyss:4)
  3 tengu conjurers
  A hellwing (Abyss:4)
  12 merfolk
  A silent spectre (Abyss:4)
  4 trolls
  A hornet (shapeshifter) (Abyss:4)
  2 wind drakes (Shoals:1)
  13 raiju
  A spectral meliai (D:11)
  A harpy skeleton (Abyss:4)
  2 hornets
  11 slime creatures
  10 polar bears
  7 dream sheep
  14 blink frogs
  13 large abominations
  5 flying skulls (Abyss:3)
  6 snapping turtles
  7 ynoxinuls (Abyss:4)
  3 wyverns
  5 shadows
  6 water elementals
  7 wraiths
  9 yaks
  A vampire (Abyss:4)
  9 fire bats
  7 basilisks
  6 chaos spawn (Abyss:4)
  3 fire elementals
  7 steam dragons
  19 vampire mosquitoes
  A neqoxec (Abyss:4)
  A swamp worm (shapeshifter) (Abyss:4)
  9 wargs
  6 acid dragons
  10 water moccasins
  5 spatial vortices (Abyss:4)
  2 nagas (Lair:2)
  21 orc warriors
  16 hell hounds
  Pargi (Sewer)
  A swamp drake (Lair:5)
  14 black bears
  2 ice beasts
  4 sky beasts
  5 ogres
  12 centaurs
  24 wolves
  A phantom (D:4)
  7 kobold brigands
  8 bullfrogs
  3 necrophages
  5 scorpions
  2 gnoll sergeants
  10 small abominations
  8 wights
  4 lindwurm simulacra (IceCv)
  4 killer bees (D:9)
  3 howler monkeys (D:13)
  3 electric eels (Lair:1)
  7 komodo dragon simulacra (IceCv)
  7 lava snakes
  14 orc priests
  A jelly (D:6)
  4 hounds
  An iron imp (Abyss:4)
  2 gnoll boudas
  7 iguanas
  29 orc wizards
  Natasha (thrice) (D:4)
  Robin (D:3)
  5 acid dragon simulacra (IceCv)
  17 gnolls
  14 adders
  3 white imps
  An ufetubus (D:4)
  5 steam dragon simulacra (IceCv)
  3 worms
  2 dart slugs
  75 orcs
  4 bats
  4 endoplasms
  5 giant cockroaches
  15 goblins
  6 hobgoblins
  7 jackals
  34 kobolds
  7 quokkas
  9 ball pythons
  3 frilled lizards
  4 rats
  2 lurking horrors
  12 starspawn tentacles (Abyss:4)
1029 creatures vanquished.

Vanquished Creatures (collateral kills)
  A tentacled starspawn (Abyss:4)
  An apocalypse crab (Abyss:4)
2 creatures vanquished.

Vanquished Creatures (others)
  A tentacled starspawn (Abyss:4)
  A large abomination (Abyss:4)
  A neqoxec (Abyss:4)
  An orc wizard (Orc:2)
  A small abomination (Abyss:4)
  A demonic plant (Abyss:3)
  7 fungi
  A lurking horror (Abyss:4)
  42 plants
  20 starspawn tentacles (Abyss:4)
76 creatures vanquished.

Grand Total: 1107 creatures vanquished

Notes
Turn   | Place    | Note
-------+----------+-------------------------------------------
     0 | D:1      | AlexRAT the Minotaur Berserker began the quest for the Orb.
     0 | D:1      | Reached XP level 1. HP: 19/19 MP: 0/0
   254 | D:1      | Reached XP level 2. HP: 27/27 MP: 1/1
   594 | D:1      | Found Podaog's Magic Scroll Shoppe.
   671 | D:2      | Reached skill level 4 in Fighting
   700 | D:2      | Reached XP level 3. HP: 12/33 MP: 2/2
  1249 | D:2      | Identified the +4 cloak "Ipsihaos" {Slay+4}
  1309 | D:2      | Reached ** piety under Trog
  1419 | D:3      | Noticed Robin
  1429 | D:3      | Killed Robin
  1430 | D:3      | Reached XP level 4. HP: 41/41 MP: 3/3
  1506 | D:3      | Reached XP level 5. HP: 33/47 MP: 4/4
  1799 | D:3      | Identified the +1 leather armour of Liawosun {*Corrode
                  | rElec rF++ Int+4}
  1840 | D:3      | Noticed a centaur
  1849 | D:3      | Killed a centaur
  1850 | D:3      | Reached skill level 5 in Fighting
  1850 | D:3      | Reached skill level 5 in Axes
  2063 | D:3      | Reached XP level 6. HP: 53/56 MP: 5/5
  2374 | D:4      | Reached *** piety under Trog
  2376 | D:4      | Noticed Natasha
  2380 | D:4      | Killed Natasha
  2412 | D:4      | Reached XP level 7. HP: 58/62 MP: 6/6
  2514 | D:4      | Reached skill level 5 in Armour
  2754 | D:4      | Noticed Natasha
  2758 | D:4      | Killed Natasha
  2797 | D:4      | Reached skill level 6 in Fighting
  2823 | D:4      | Reached skill level 5 in Dodging
  2855 | D:4      | Identified the +2 helmet "Saurejiy" {rElec Str+6}
  3061 | D:4      | Noticed Natasha
  3067 | D:4      | Killed Natasha
  3119 | D:5      | Entered Level 5 of the Dungeon
  3175 | D:5      | Found a glowing drain.
  3177 | D:5      | Reached **** piety under Trog
  3186 | Sewer    | Entered a sewer
  3246 | Sewer    | Noticed Pargi
  3252 | Sewer    | Killed Pargi
  3306 | D:5      | Identified a scroll of acquirement
  3307 | D:5      | Acquired the +5 broad axe "With Two Names" {vorpal, rElec
                  | rPois}
  3351 | D:5      | Reached XP level 8. HP: 53/70 MP: 7/7
  3491 | D:5      | Reached skill level 7 in Fighting
  3552 | D:5      | Found a snail-covered altar of Cheibriados.
  3882 | D:5      | Found a glowing golden altar of the Shining One.
  4437 | D:6      | Noticed Maggie
  4442 | D:6      | Killed Maggie
  4443 | D:6      | Reached skill level 8 in Fighting
  4443 | D:6      | Reached XP level 9. HP: 80/81 MP: 8/8
  5295 | D:6      | Found a staircase to the Ecumenical Temple.
  5347 | D:6      | Acquired the +3 pair of gloves "Dooleuf" {rF+ rC+ Will+
                  | Str-2}
  5511 | D:7      | Found a basalt altar of Yredelemnul.
  5549 | D:7      | Reached skill level 9 in Fighting
  5630 | D:7      | Found a broken altar of Ashenzari.
  5811 | D:7      | Found a white marble altar of Elyvilon.
  5850 | D:7      | Found a glowing silver altar of Zin.
  6216 | D:8      | Reached XP level 10. HP: 77/91 MP: 9/9
  6498 | D:8      | Reached ***** piety under Trog
  6748 | D:8      | Received a gift from Trog
  6785 | D:9      | Noticed a two-headed ogre
  6785 | D:9      | Found a shimmering blue altar of Sif Muna.
  6789 | D:9      | Killed a two-headed ogre
  6790 | D:9      | Reached skill level 10 in Fighting
  6792 | D:9      | Reached skill level 10 in Axes
  6800 | D:9      | Found a bloodstained altar of Trog.
  6837 | D:9      | Noticed Psyche
  6844 | D:9      | Killed Psyche
  6876 | D:9      | Identified the +12 war axe of the Cup {chaos, rPois}
  6915 | D:9      | Found a sacrificial altar of Ru.
  7029 | D:9      | Found a shimmering altar of Xom.
  7143 | D:9      | Noticed a two-headed ogre
  7149 | D:9      | Killed a two-headed ogre
  7150 | D:9      | Reached skill level 10 in Armour
  7393 | D:10     | Entered Level 10 of the Dungeon
  7414 | D:10     | Found a hide-covered altar of Uskayaw.
  7636 | D:1      | Bought a scroll of identify for 28 gold pieces
  7636 | D:1      | Bought a scroll of magic mapping for 105 gold pieces
  7636 | D:1      | Bought a scroll of identify for 28 gold pieces
  7813 | D:10     | Noticed a gargoyle
  7821 | D:10     | Killed a gargoyle
  8173 | D:10     | Found a staircase to the Lair.
  8187 | D:10     | Reached XP level 11. HP: 94/101 MP: 10/10
  8282 | D:10     | Noticed a two-headed ogre
  8289 | D:10     | Killed a two-headed ogre
  8290 | D:10     | Reached skill level 11 in Fighting
  8401 | Lair:1   | Entered Level 1 of the Lair of Beasts
  8475 | Lair:1   | Found a frozen archway.
  8490 | IceCv    | Entered an ice cave
  8544 | IceCv    | Reached skill level 10 in Dodging
  9046 | IceCv    | Noticed an ice dragon
  9064 | IceCv    | Killed an ice dragon
  9143 | IceCv    | Identified the ring of Hialioj {rF+ SInv}
  9475 | Lair:1   | Reached skill level 12 in Fighting
  9542 | Lair:1   | Noticed a four-headed hydra
  9550 | Lair:1   | Killed a six-headed hydra
  9743 | Lair:1   | Noticed a four-headed hydra
  9750 | Lair:1   | Noticed a five-headed hydra
  9754 | Lair:1   | Killed an 11-headed hydra
  9755 | Lair:1   | Reached XP level 12. HP: 85/113 MP: 11/11
  9758 | Lair:1   | Killed a 12-headed hydra
 10909 | Lair:2   | Found a staircase to the Snake Pit.
 11350 | Lair:2   | Noticed an eight-headed hydra
 11354 | Lair:2   | Killed a ten-headed hydra
 11413 | Lair:2   | Reached skill level 13 in Fighting
 12022 | Lair:3   | You fall into a shaft and drop 2 floors!
 12022 | Lair:5   | Entered Level 5 of the Lair of Beasts
 12035 | Lair:5   | Noticed a death yak
 12036 | Lair:5   | Noticed a six-headed hydra
 12054 | Lair:5   | Killed a death yak
 12552 | Lair:5   | Noticed a catoblepas
 12582 | Lair:5   | Reached XP level 13. HP: 123/123 MP: 12/12
 13073 | Lair:5   | Reached skill level 14 in Fighting
 13176 | Lair:3   | Found a staircase to the Shoals.
 13188 | Lair:3   | Received a gift from Trog
 13953 | Lair:4   | Found a viscous altar of Jiyva.
 13953 | Lair:4   | Found a staircase to the Slime Pits.
 14755 | Lair:5   | Noticed a fire dragon
 14760 | Lair:5   | Killed a fire dragon
 14775 | Lair:5   | Identified the ring "Runif" {rElec Int+6 Slay+2}
 15338 | Lair:5   | Received a gift from Trog
 15347 | Lair:5   | Reached skill level 15 in Fighting
 15353 | Lair:5   | Reached skill level 15 in Axes
 15399 | Lair:5   | Reached XP level 14. HP: 116/135 MP: 13/13
 15996 | D:11     | Reached skill level 15 in Armour
 16180 | D:11     | Noticed Sonja
 16195 | D:11     | Reached ****** piety under Trog
 16254 | D:11     | Found Iriof's Weapon Boutique.
 16254 | D:11     | Found a staircase to the Orcish Mines.
 16254 | D:11     | Found Ownecaer's Armour Boutique.
 16416 | D:11     | Killed Sonja
 16417 | D:11     | Reached skill level 1 in Evocations
 16678 | D:11     | Noticed Nergalle
 16686 | D:11     | Killed Nergalle
 16693 | D:11     | Acquired the amulet of the Devil's Advocate {Acrobat Will+
                  | Str+2}
 16745 | D:11     | Identified the +5 lajatang "Alisich" {vorpal, rF+ Will+}
 16997 | D:12     | Found a gate leading to a gauntlet.
 17002 | Gauntlet | Entered a Gauntlet
 17002 | Gauntlet | Found a transporter.
 17002 | Gauntlet | Found a runed translucent gate.
 17002 | Gauntlet | Found a transporter.
 17010 | Gauntlet | Found a transporter.
 17014 | Gauntlet | Found a transporter.
 17022 | Gauntlet | Found a transporter.
 17026 | Gauntlet | Found a transporter.
 17039 | Gauntlet | Found a transporter.
 17055 | Gauntlet | Found a transporter.
 17060 | Gauntlet | Found a transporter.
 17078 | Gauntlet | Found a transporter.
 17082 | Gauntlet | Found a runed translucent door.
 17089 | Gauntlet | Found a transporter.
 17093 | Gauntlet | Found a transporter.
 17095 | Gauntlet | Found a runed translucent gate.
 17095 | Gauntlet | Found a runed translucent gate.
 17132 | Gauntlet | Identified the +8 broad axe "Ypniy" {vorpal, Dex+4} (Trog
                  | gifted it to you in a Gauntlet)
 17132 | Gauntlet | Received a gift from Trog
 17171 | Gauntlet | Identified the +1 plate armour of Satisfaction {Rampage
                  | Will+++ Str-2 Stlth+}
 17503 | Gauntlet | Identified the +5 dagger of the Green God {freeze, *Noise
                  | +Blink SInv}
 17934 | D:12     | Reached skill level 5 in Evocations
 18478 | D:12     | Reached skill level 16 in Fighting
 18588 | Orc:1    | Entered Level 1 of the Orcish Mines
 18687 | Orc:1    | You fall into a shaft and drop 1 floor!
 18687 | Orc:2    | Entered Level 2 of the Orcish Mines
 18774 | Orc:2    | Found a staircase to the Elven Halls.
 18901 | Orc:2    | Noticed Jorgrun
 18913 | Orc:2    | Killed Jorgrun
 19404 | Orc:2    | Identified the +9 broad axe of Polytheism {flame, +Blink}
                  | (Trog gifted it to you on level 2 of the Orcish Mines)
 19404 | Orc:2    | Received a gift from Trog
 19818 | Orc:2    | Noticed an orc warlord
 19850 | Orc:2    | Killed an orc warlord
 19917 | Orc:2    | Reached XP level 15. HP: 142/145 MP: 14/14
 20003 | Orc:2    | Found Bauvi Erirew's General Store.
 20004 | Orc:2    | Found Zaid's Book Shoppe.
 20006 | Orc:2    | Found Xinn's Antique Armour Emporium.
 20006 | Orc:2    | Found Guppoeck's Antique Weapon Emporium.
 20193 | Orc:2    | Bought a potion of experience for 650 gold pieces
 20195 | Orc:2    | Reached skill level 17 in Fighting
 20195 | Orc:2    | Reached XP level 16. HP: 156/156 MP: 15/15
 20305 | D:13     | Noticed Rupert
 20313 | D:13     | Killed Rupert
 20619 | D:13     | Identified the +6 battleaxe of Elinair {antimagic, rN+
                  | Dex+4} (Trog gifted it to you on level 13 of the Dungeon)
 20619 | D:13     | Received a gift from Trog
 20821 | D:13     | Found a runed translucent gate.
 20821 | D:13     | Found a runed translucent gate.
 20821 | D:13     | Found a runed translucent gate.
 20845 | D:13     | Noticed Urug
 20851 | D:13     | Killed Urug
 21278 | D:13     | Noticed topfpfpflanze's ghost (journeyman DsNe)
 21278 | D:13     | Noticed an acid blob
 21279 | D:13     | Noticed an acid blob
 21564 | D:13     | Found a viscous altar of Jiyva.
 21595 | D:14     | Found a basalt altar of Yredelemnul.
 21756 | D:14     | Reached skill level 18 in Fighting
 21780 | D:14     | Found a gate to the Vaults.
 22929 | D:15     | Entered Level 15 of the Dungeon
 22981 | D:15     | Noticed Josephine
 22986 | D:15     | Killed Josephine
 23715 | D:15     | Found a staircase to the Depths.
 23845 | D:15     | Found a burning altar of Makhleb.
 24055 | Shoals:1 | Entered Level 1 of the Shoals
 24244 | Orc:2    | Bought a runed shortbow for 198 gold pieces
 24607 | Shoals:1 | Reached skill level 10 in Evocations
 24761 | D:11     | Bought a +0 arbalest for 67 gold pieces
 24924 | Shoals:1 | Received a gift from Trog
 25256 | Shoals:1 | Reached skill level 1 in Ranged Weapons
 26280 | Shoals:2 | Reached skill level 5 in Ranged Weapons
 26599 | Shoals:2 | Acquired a manual of Ranged Weapons
 26880 | Shoals:2 | Reached XP level 17. HP: 165/166 MP: 16/16
 27160 | Abyss:3  | Found a corrupted altar of Lugonu.
 27160 | Abyss:3  | Cast into level 3 of the Abyss (merfolk impaler)
 27207 | Abyss:3  | Found a corrupted altar of Lugonu.
 27463 | Abyss:3  | Reached skill level 10 in Ranged Weapons
 27494 | Abyss:3  | Noticed a profane servitor
 27508 | Abyss:4  | Found a corrupted altar of Lugonu.
 27622 | Abyss:4  | Found a corrupted altar of Lugonu.
 27719 | Shoals:2 | Escaped the Abyss
 28174 | Abyss:4  | Found a corrupted altar of Lugonu.
 28174 | Abyss:4  | Cast into level 4 of the Abyss (merfolk impaler)
 28192 | Abyss:4  | Noticed a bone dragon
 28332 | Abyss:4  | Noticed a bone dragon
 28344 | Abyss:4  | Killed a bone dragon
 28344 | Abyss:4  | Received a gift from Trog
 28424 | Abyss:4  | Reached skill level 15 in Ranged Weapons
 28541 | Abyss:4  | Noticed a bone dragon
 28557 | Abyss:4  | Killed a bone dragon
 28633 | Abyss:4  | Noticed a tentacled monstrosity
 28648 | Abyss:4  | Killed a tentacled monstrosity
 29097 | Abyss:4  | Noticed a lich
 29102 | Abyss:4  | Killed a lich
 29136 | Abyss:4  | Found a corrupted altar of Lugonu.
 29175 | Abyss:4  | Reached XP level 18. HP: 131/173 MP: 17/17
 29227 | Abyss:4  | Found a corrupted altar of Lugonu.
 29277 | Abyss:4  | HP: 11/259 [smoke demon/divine providence (8)]
 29282 | Abyss:4  | HP: 9/259 [poisoned by a reaper]
 29406 | Abyss:4  | Reached skill level 19 in Fighting
 29410 | Abyss:4  | Found a corrupted altar of Lugonu.
 29427 | Abyss:4  | Gained mutation: You are frail. (-10% HP) [a cacodemon]
 29540 | Abyss:4  | Noticed a bone dragon
 29555 | Abyss:4  | Killed a bone dragon
 29589 | Abyss:4  | Found a transporter.
 29591 | Abyss:4  | Found a transporter.
 29592 | Abyss:4  | Found a corrupted altar of Lugonu.
 29729 | Abyss:4  | Received a gift from Trog
 29795 | Abyss:4  | Noticed a profane servitor
 29798 | Abyss:4  | HP: 1/158 [profane servitor/+2 whip (13)]
 29798 | Abyss:4  | Slain by a profane servitor

Illustrated notes

Levels and vault maps discovered:
D:1:      spicycebolla_arrival_xxxplode, layout_basic, serial_shops,
          nicolae_shop_hallway_stairs
D:2:      layout_rooms, chequers_mini_garden, chequers_garden,
          minmay_splitting_lines, minmay_tromino_v4_c
D:3:      layout_basic, uniq_robin
D:4:      minmay_octagon_keep, layout_basic, uniq_natasha
D:5:      layout_basic, general_overflow_altar, tso_altar, gup_sewer_entry_pipe
D:6:      minmay_razor_zed, layout_loops_cross, minmay_temple_entry_nine_rooms,
          kennysheep_decorative_pillar, minmay_hedge_maze,
          chequers_serial_rivers_marsh, uniq_maggie
D:7:      layout_loops_cross, lemuel_round_altar,
          mainiacjoe_overflow_six_doors_small,
          mainiacjoe_overflow_small_starburst, amcnicky_altar_gilded
D:8:      layout_gridville, nrook_mini_backslash
D:9:      layout_big_octagon, pf_just_have_faith, mainiacjoe_overflow_chevrons,
          nicolae_ru_path_of_blood, old_standard_altar, serial_gnoll_camp,
          gnoll_camp_mini_doghouse, gnoll_camp_mini_hut,
          gnoll_camp_mini_loothouse, gnoll_camp_mini_hut, uniq_psyche
D:10:     layout_basic, eat_drink_and_be_merry_uskayaw,
          erik_lair_orcish_takeover
D:11:     layout_rooms, orc_david_3, hangedman_weighted_door,
          hangedman_misty_isle, uniq_nergalle, uniq_sonja
D:12:     wad_cavern_with_rooms, layout_basic, gauntlet_entry_generic,
          minmay_misc_feat_enclosed, palyth_stone_intersect, amethyst_killhole,
          hangedman_abyss_or_decor_passed, eino_curves_01, elves_outpost_lemuel
D:13:     layout_basic, gammafunk_ghost_ooze, minivault_27,
          hangedman_abyss_or_decor_stabs, grunt_ministairs_7, uniq_urug,
          uniq_rupert
D:14:     layout_basic, skrybe_vaults_entry_preservation,
          hangedman_abyss_or_decor_clamps, yredelemnul_altar_generic
D:15:     grunt_enter_depths_hoard, layout_irregular_city,
          makhleb_altar_promises_db, uniq_josephine
Lair:1:   layout_layer_cave, portal_ice_cave_rime, grunt_forest_stairs_basic,
          nicolae_lair_liquid_snakes, lemuel_fruit_fields
Lair:2:   layout_hall_layers, guppyfry_snake_entry_island, grunt_megastairs_2
Lair:3:   layout_chaotic_city, shoals_dummy_entry, nicolae_quartered_pool_little
Lair:4:   layout_gridlike, slime_entry_1
Lair:5:   guppyfry_lair_end_dragon, layout_gridlike,
          hangedman_lair_caniforms_friends, serial_bayou_pond_c,
          grunt_megastairs_3, lemuel_fruit_tree
Shoals:1: layout_shoals
Shoals:2: cheibrodos_shoals_three_sisters, layout_shoals, uniq_polyphemus
Orc:1:    layout_caves
Orc:2:    st_orc_congregation, layout_caves, lightli_orcish_oven, uniq_jorgrun
Abyss:4:  base: D:12, minivault_23, hangedman_abyss_sting, base: D:8,
          evilmike_nicolae_abyss_rune_containment_curve,
          evilmike_nicolae_abyss_rune_containment_curve, minivault_24,
          hangedman_abyss_lost_library, spicy_abyss_rude_harpoons,
          evilmike_abyss_rune_siren_acolytes,
          evilmike_abyss_rune_siren_acolytes, gammafunk_corrupted_shrine

Skill      XL: |  1  2  3  4  5  6  7  8  9 10 11 12 13 14 15 16 17 18 |
---------------+-------------------------------------------------------+-----
Fighting       | 4 5 6 8 9 10 12 13 15 16 17 18 19 | 19.2
Axes           | 4 5 6 7 9 10 12 13 15 16 17 18 | 18.2
Armour         | 3 4 6 7 9 10 12 13 14 15 | 15.9
Dodging        | 3 4 5 6 8 9 11 12 13 14 | 14.7
Evocations     | 6 10 | 10.8
Ranged Weapons | 7 18 | 18.3

Action                   |  1- 3 |  4- 6 |  7- 9 | 10-12 | 13-15 | 16-18 || total
-------------------------+-------+-------+-------+-------+-------+-------++-------
Melee: Hand axe          |    62 |    82 |    49 |       |       |       ||   193
       Headbutt          |    10 |    14 |    22 |    89 |   131 |   272 ||   538
       Broad axe         |       |       |   129 |   370 |   612 |   891 ||  2002
       Punch             |       |       |     3 |       |       |    11 ||    14
 Fire: Arbalest          |       |       |       |       |       |   108 ||   108
       Shortbow          |       |       |       |       |       |     4 ||     4
Throw: Javelin           |       |       |     3 |       |     1 |     1 ||     5
Invok: Berserk           |     1 |       |     1 |     9 |     8 |    11 ||    30
       Trog's Hand       |       |       |       |     2 |     2 |    31 ||    35
 Abil: Evoke Blink       |       |       |       |       |       |     1 ||     1
Evoke: Wand              |       |       |       |       |     7 |    17 ||    24
  Use: Scroll            |       |       |    16 |     8 |     6 |     8 ||    38
       Potion            |       |       |       |       |     1 |    14 ||    15
 Stab: Paralysed         |       |       |       |       |     2 |     1 ||     3
       Distracted        |       |       |       |       |       |     5 ||     5
       Invisible         |       |       |       |       |       |     3 ||     3
Armor: Animal skin       |     7 |       |       |       |       |       ||     7
       Skin              |     1 |       |       |       |       |       ||     1
       Chain mail        |    17 |    73 |   108 |   306 |   303 |       ||   807
       Plate armour      |       |       |       |       |    63 |   630 ||   693
Dodge: Dodged            |    54 |    42 |    91 |   160 |   295 |   618 ||  1260
Block: Kite shield       |       |       |       |   154 |   242 |    75 ||   471
